 Dungeon Crawl Stone Soup version 0.18.1-48-g4cf74bf (webtiles) character file.

80 Alarkh the Grave Robber (level 4, -7/30 HPs)
             Began as a Mummy Necromancer on Aug 6, 2016.
             Mangled by a hell hound (12 damage)
             ... on level 1 of the Abyss.
             The game lasted 00:02:09 (1192 turns).

Alarkh the Grave Robber (Mummy Necromancer)         Turns: 1192, Time: 00:02:10

Health: -7/30      AC:  2    Str: 11    XL:     4   Next: 18%
Magic:  8/8        EV: 12    Int: 15    God:
Gold:   69         SH:  0    Dex: 12    Spells: 2 memorised, 5 levels left

rFire  x . .     SeeInvis .     c - -1 short sword (curse)
rCold  + . .     Gourm    .     a - +0 robe
rNeg   + + +     Faith    .     (no shield)
rPois  ∞         Spirit   .     (no helmet)
rElec  .         Dismiss  .     (no cloak)
rCorr  .         Reflect  .     (no gloves)
SustAt .         Harm     .     (no boots)
MR     .....                    (no amulet)
Stlth  ++........               (no ring)
                                (no ring)

@: not resistant to hostile enchantments, unstealthy
A: no food or potions, fire vulnerability, cold resistance 1, negative energy
resistance 3, torment resistance, unbreathing
a: no special abilities


You were on level 1 of the Abyss.
You were not hungry.

You visited 1 branch of the dungeon, and saw 2 of its levels.
You visited the Abyss 1 time.

You collected 69 gold pieces.

Inventory:

Hand Weapons
 c - a cursed -1 short sword (weapon)
Armour
 a - a +0 robe (worn)
Wands
 e - a wand of slowing (13/48)
 g - a wand of iceblast (6/15)
Scrolls
 d - a scroll of immolation {unknown}
Books
 b - a book of Necromancy

   Spells                             Type                      Level
   a - Pain                           Necromancy                   1
   b - Animate Skeleton               Necromancy                   1
   c - Vampiric Draining              Necromancy                   3
   d - Regeneration                   Charms/Necromancy            3
   e - Animate Dead                   Necromancy                   4
   f - Control Undead                 Necromancy                   4
Miscellaneous
 f - a plain deck of destruction {drawn: 2}


   Skills:
 - Level 1.5 Dodging
 - Level 1.5 Stealth
 + Level 3.1 Spellcasting
 + Level 5.0 Necromancy


You had 5 spell levels left.
You knew the following spells:

 Your Spells              Type           Power        Failure   Level  Hunger
a - Pain                  Necr           ###.         2%          1    N/A
b - Vampiric Draining     Necr           ###.......   10%         3    N/A

Dungeon Overview and Level Annotations

Branches:
Dungeon (2/15)

Altars:
Nemelex Xobeh
Yredelemnul
Zin


Innate Abilities, Weirdness & Mutations

You do not eat or drink.
Your flesh is vulnerable to fire.
You are immune to poison.
Your flesh is cold resistant.
You are immune to negative energy.
You are immune to unholy pain and torment.
You can survive without breathing.


Message History

The puff of frost hits you! You resist.
You see here a falchion.
The white imp gestures at you. The puff of frost hits you! You resist.
The white imp gestures at you. The puff of frost hits you! You resist.
An iron imp comes into view.
The white imp gestures at you. The puff of frost hits you! You resist.
There is an open door here.
Found 2 needles of sleeping.
A hell hound comes into view.
The hell hound barks!
The iron imp lashes its tail.
The hell hound breathes flames at you. The blast of flame hits you!
The fire burns you terribly!
* * * LOW HITPOINT WARNING * * *
A reaper comes into view. It is wielding a scythe of slicing.
The hell hound bites you!
You die...

... ..♣#. .2.. ...#
♣..≈≈.♣X #. # ..... ..#
.≈≈8 ≈ 5♣#.. ..... ..#
♣.≈ .♣.♣#... ........#
... .. .♣# .# ......#.#
.♣♣.♣♣..## .. ......#.#
♣. ♣ .## .# ........#
#####. ##... ......h@+
.≈≈≈ ≈. .'...
...###..#############..
#.....5..X.........
###########.#.##.#. #
#.##.#. ##(## #.# ##
#.# ..


You could see a reaper and a hell hound.

Vanquished Creatures
  4 adders (D:2)
  2 oozes (D:2)
  2 dart slugs (D:1)
  A giant gecko (D:2)
  2 goblins
  7 hobgoblins
  3 jackals (D:2)
  5 bats
  2 giant newts (D:1)
  2 kobolds (D:1)
  3 rats
33 creatures vanquished.

Vanquished Creatures (others)
  9 starspawn tentacles (Abyss:1)
  182 starspawn tentacle segments (Abyss:1)
191 creatures vanquished.

Grand Total: 224 creatures vanquished

Notes
Turn   | Place    | Note
--------------------------------------------------------------
     0 | D:1      | Alarkh the Mummy Necromancer began the quest for the Orb.
     0 | D:1      | Reached XP level 1. HP: 13/13 MP: 3/3
   225 | D:1      | Reached XP level 2. HP: 14/19 MP: 1/5
   528 | D:2      | Reached XP level 3. HP: 24/24 MP: 0/7
   533 | D:2      | Learned a level 3 spell: Vampiric Draining
   547 | D:2      | Found a basalt altar of Yredelemnul.
   761 | D:2      | Found a glowing silver altar of Zin.
   810 | D:2      | Found a faded altar to an unknown god.
   815 | D:2      | Became a worshipper of Nemelex Xobeh the Trickster
   815 | D:2      | Received a gift from Nemelex Xobeh
   815 | D:2      | Reached * piety under Nemelex Xobeh
   816 | D:2      | Fell from the grace of Nemelex Xobeh
   963 | D:2      | Reached skill level 5 in Necromancy
   994 | D:2      | Reached XP level 4. HP: 30/30 MP: 2/8
  1086 | D:2      | Cast into level 1 of the Abyss (drawing a card)
  1127 | Abyss:1  | Noticed a tentacled starspawn
  1189 | Abyss:1  | Noticed a hell hound
  1192 | Abyss:1  | Noticed a reaper
  1192 | Abyss:1  | Mangled by a hell hound

Skill      XL: |  1  2  3 |
---------------+----------+-----
Spellcasting   | 3 |  3.1
Necromancy     | 5 |  5.0
Dodging        | |  1.5
Stealth        | |  1.5

Action                   |  1- 3 |  4- 6 || total
-------------------------+-------+-------++-------
Melee: Short sword       |    36 |       ||    36
 Cast: Pain              |    54 |     4 ||    58
Invok: Renounce Religion |     1 |       ||     1
Evoke: Deck              |       |     2 ||     2
 Stab: Sleeping          |     2 |       ||     2
Armor: Robe              |    12 |       ||    12
Dodge: Dodged            |    37 |     6 ||    43
